Map: [ESL] Babylon

Players

Reynor

  • Race: Zerg Zerg
  • Spawn Location: 11:00

Spirit - Winner!

  • Race: Terran Terran
  • Spawn Location: 5:00

Event: ESL SC2 Masters 2023 Summer (Regionals)

VOD

Have the link to the VOD?

Description

Time

  • Played on: May 20, 2023, 12:05 p.m.
  • Length: 27:39

All games in this series

Show
View Real Time Build Order
Export as new Build Order

Reynor Zerg 

Build Orders: Hatch First 

Get SALT Encoding   

  12  0:00  Drone  
  13  0:12  Overlord  
  13  0:17  Drone  
  14  0:30  Drone x2  
  16  0:47  Hatchery  
  15  0:51  Drone  
  15  0:55  Drone  
  17  0:58  Drone  
  18  1:09  Extractor  
  17  1:13  Spawning Pool  
  17  1:16  Drone  
  17  1:20  Drone  
  18  1:27  Drone  
  19  1:38  Drone  
  20  1:49  Overlord  
  20  1:59  Queen  
  20  2:00  Queen  
  20  2:01  Zergling x4  
  26  2:12  Drone x2  
  28  2:21  Drone x2  
  30  2:24  Extractor  
  30  2:31  Extractor, Drone  
  30  2:32  Drone  
  30  2:33  Metabolic Boost  
  31  2:42  Overlord  
  31  2:43  Drone  
  33  2:49  Queen  
  33  2:50  Queen  
  36  3:01  Drone, Hatchery  
  36  3:03  Drone  
  37  3:08  Overlord  
  37  3:09  Drone  
  37  3:12  Drone  
  39  3:14  Drone  
  39  3:15  Drone  
  39  3:18  Drone  
  42  3:26  Queen  
  44  3:28  Drone x2  
  47  3:34  Drone  
  47  3:35  Queen  
  47  3:39  Overlord  
  49  3:43  Drone  
  49  3:46  Drone  
  51  3:53  Drone  
  52  3:57  Drone  
  52  3:58  Overlord  
  52  4:00  Drone x5  
  58  4:04  Queen  
  60  4:11  Overlord  
  60  4:13  Drone x2  
  60  4:15  Queen  
  60  4:17  Drone  
  65  4:20  Drone  
  66  4:25  Drone  
  66  4:26  Lair  
  66  4:27  Drone  
  66  4:30  Drone  
  69  4:31  Extractor, Baneling Nest  
  69  4:35  Drone  
  69  4:36  Drone, Overlord  
  69  4:37  Drone  
  70  4:38  Drone  
  70  4:43  Zergling x4  
  70  4:45  Drone  
  74  4:46  Queen  
  74  4:47  Spore Crawler  
  74  4:49  Spore Crawler  
  74  4:51  Drone x2  
  76  4:57  Spore Crawler  
  75  5:00  Overlord  
  75  5:01  Drone x4  
  75  5:03  Drone  
  80  5:14  Drone x2  
  82  5:16  Queen  
  82  5:17  Overlord, Hatchery  
  82  5:20  Zergling x4  
  85  5:24  Drone x2  
  85  5:25  Overseer  
  85  5:27  Overseer  
  85  5:28  Drone x4  
  91  5:29  Drone  
  91  5:30  Extractor  
  91  5:31  Extractor  
  91  5:32  Overlord  
  91  5:33  Drone  
  91  5:42  Zergling x6  
  88  5:55  Centrifugal Hooks, Drone  
  88  5:56  Evolution Chamber  
  88  5:58  Evolution Chamber  
  88  6:00  Zergling x6  
  88  6:03  Drone x7  
  96  6:04  Drone  
  96  6:05  Drone  
  96  6:11  Queen  
  98  6:12  Overlord  
  98  6:13  Drone x2  
  98  6:14  Spore Crawler  
  98  6:17  Drone x3  
  104  6:21  Drone  
  104  6:23  Drone  
  104  6:24  Zerg Ground Armor Level 1  
  104  6:25  Zerg Melee Weapons Level 1  
  106  6:26  Zergling x8  
  106  6:29  Overlord  
  110  6:33  Zergling x2  
  110  6:35  Zergling x4  
  110  6:37  Queen  
  110  6:38  Baneling x3  
  110  6:39  Baneling x3  
  115  6:40  Zergling x8  
  115  6:45  Zergling x6  
  115  6:46  Baneling x2  
  122  6:51  Queen  
  122  6:52  Zergling x2  
  125  6:55  Spore Crawler, Zergling x2  
  125  7:00  Drone  
  126  7:02  Drone  
  126  7:03  Zergling x2  
  126  7:04  Zergling x6  
  126  7:07  Drone  
  126  7:08  Overlord, Baneling, Infestation Pit  
  131  7:09  Baneling x7  
  131  7:12  Zergling x2  
  131  7:13  Hatchery, Spore Crawler  
  131  7:15  Zergling x2  
  131  7:17  Zergling x6  
  131  7:21  Baneling x3  
  133  7:23  Zergling x6  
  133  7:24  Overlord  
  133  7:27  Overlord  
  136  7:36  Overlord  
  136  7:37  Zergling x2  
  136  7:38  Zergling x14  
  136  7:39  Baneling x7  
  144  7:44  Zergling x4  
  144  7:45  Zergling x4  
  144  7:47  Queen  
  144  7:49  Hive  
  144  7:50  Zergling x4  
  151  7:51  Zergling x2  
  151  7:52  Zergling x2  
  151  7:57  Zergling x6  
  156  8:02  Overlord  
  156  8:03  Zergling x8  
  156  8:04  Zergling x4  
  156  8:05  Baneling x10  
  160  8:14  Zergling x8  
  160  8:15  Zergling x4  
  166  8:20  Hatchery  
  166  8:23  Zergling x6  
  166  8:25  Queen  
  166  8:26  Zergling x8  
  160  8:30  Zergling x2  
  160  8:31  Zerg Ground Armor Level 2  
  160  8:32  Zergling x2  
  147  8:34  Zergling x4  
  147  8:39  Zerg Melee Weapons Level 2  
  147  8:40  Zergling x10  
  156  8:43  Zergling x2  
  156  8:44  Extractor  
  156  8:46  Zergling x4  
  156  8:47  Zergling x6  
  159  8:48  Overlord  
  159  8:53  Zergling x2  
  159  8:56  Zergling x6  
  159  8:57  Baneling x9  
  159  8:58  Zergling x4  
  164  9:03  Zergling x4  
  164  9:07  Zergling x4  
  167  9:11  Hatchery  
  167  9:14  Zergling x8  
  166  9:20  Viper  
  166  9:23  Zergling x12  
  174  9:25  Zergling x4  
  174  9:28  Zergling x4  
  172  9:33  Baneling  
  172  9:34  Baneling x9  
  172  9:40  Zergling x12  
  172  9:41  Zergling x2  
  165  9:48  Zergling x8  
  142  9:53  Zergling x12  
  142  9:57  Viper  
  142  10:00  Zergling x6  
  142  10:02  Baneling x7  
  142  10:03  Queen x2  
  142  10:06  Zergling x2  
  142  10:07  Zergling x10  
  154  10:10  Queen  
  154  10:12  Zergling x4  
  158  10:17  Zergling x4  
  151  10:21  Zergling x8  
  151  10:23  Queen  
  151  10:25  Zergling x8  
  156  10:30  Zergling x14  
  156  10:32  Baneling x14  
  156  10:34  Zergling x6  
  162  10:40  Zergling x8  
  166  10:47  Zergling x8, Spore Crawler  
  169  10:50  Adrenal Glands  
  169  10:54  Hatchery  
  160  11:01  Zergling x10  
  160  11:02  Zergling x12  
  159  11:16  Viper  
  162  11:20  Zerg Ground Armor Level 3  
  162  11:23  Drone x5  
  162  11:25  Extractor  
  166  11:26  Zergling x16  
  166  11:27  Overlord  
  174  11:43  Zerg Melee Weapons Level 3  
  174  11:48  Drone x5  
  178  12:02  Zergling x12  
  178  12:04  Hatchery  
  183  12:11  Overseer  
  183  12:15  Baneling x4  
  183  12:16  Drone x10  
  183  12:18  Baneling x4  
  183  12:21  Burrow  
  193  12:26  Zergling x14  
  199  12:34  Hatchery  
  199  12:35  Baneling x6  
  197  12:49  Spore Crawler  
  197  12:50  Spine Crawler  
  194  12:54  Zergling x10  
  199  13:02  Hatchery, Pneumatized Carapace  
  199  13:03  Overseer  
  198  13:23  Drone  
  198  13:25  Spine Crawler  
  198  13:26  Spine Crawler  
  197  13:45  Zergling x4  
  199  13:54  Zergling x2  
  199  13:55  Zergling x40  
  197  13:56  Zergling x10  
  197  13:58  Zergling x2  
  197  13:59  Zergling x8  
  197  14:02  Zergling x14  
  192  14:07  Baneling x14  
  190  14:14  Drone x3  
  190  14:15  Drone  
  190  14:16  Zergling x6  
  196  14:18  Zergling x6  
  196  14:23  Drone  
  200  14:24  Hydralisk Den  
  199  14:34  Zerg Missile Weapons Level 1  
  199  14:49  Baneling x12  
  199  14:55  Lair  
  196  15:08  Zergling x2  
  196  15:09  Zergling x10  
  196  15:12  Zergling x2  
  200  15:14  Hatchery  
  200  15:20  Baneling x11  
  200  15:21  Baneling x3  
  199  15:22  Baneling x2  
  199  15:23  Baneling x11  
  199  15:24  Hatchery  
  198  15:34  Hatchery  
  171  15:49  Zergling x52  
  174  15:50  Zergling x10  
  173  16:02  Zergling x2, Hive  
  173  16:03  Zergling x30  
  189  16:04  Hydralisk x3  
  189  16:06  Overlord  
  195  16:16  Overlord  
  195  16:22  Spore Crawler x2  
  195  16:25  Hatchery  
  177  16:34  Hydralisk x5  
  177  16:36  Hydralisk  
  177  16:37  Zergling x20  
  195  16:42  Hydralisk x4  
  195  16:46  Zergling x2  
  194  16:47  Hydralisk  
  194  16:48  Zergling x4  
  194  16:52  Drone x6  
  199  16:54  Drone  
  199  16:57  Drone  
  199  17:00  Muscular Augments  
  197  17:27  Drone x2  
  199  17:31  Spine Crawler  
  198  17:38  Extractor  
  198  17:41  Extractor  
  198  17:42  Overseer  
  194  17:50  Zergling x18  
  194  17:51  Zergling x6  
  188  18:07  Zergling x6  
  188  18:08  Zergling x30  
  188  18:12  Grooved Spines  
  199  18:15  Spine Crawler x2, Baneling x11  
  199  18:16  Baneling x6  
  199  18:17  Overseer x3  
  199  18:18  Spine Crawler  
  196  18:24  Spore Crawler  
  196  18:25  Zergling x8  
  199  18:39  Zergling x4  
  199  18:40  Zergling x58  
  193  18:46  Overlord  
  193  18:47  Overlord x5  
  174  18:52  Overseer x2  
  174  18:55  Overlord  
  174  18:57  Baneling x8  
  174  18:58  Baneling  
  174  19:03  Overlord  
  174  19:08  Zergling x34  
  191  19:13  Baneling x12  
  191  19:14  Baneling x3  
  191  19:15  Baneling x4  
  191  19:16  Hydralisk  
  191  19:17  Zergling x14  
  191  19:18  Baneling x5  
  191  19:19  Baneling  
  199  19:33  Zergling x2  
  199  19:44  Zergling x16  
  199  19:45  Zergling x26  
  163  19:49  Hydralisk x2  
  163  19:50  Zergling x8  
  156  19:56  Zergling x10  
  160  20:04  Lurker Den  
  160  20:05  Zergling x10  
  164  20:11  Viper x2  
  164  20:12  Hydralisk  
  164  20:13  Zergling x12  
  178  20:15  Hatchery  
  178  20:19  Zergling x10  
  178  20:20  Zergling x4  
  184  20:24  Zergling x6  
  187  20:33  Zerg Missile Weapons Level 2  
  180  20:36  Zergling x24  
  192  20:51  Nydus Network  
  192  20:56  Overlord  
  191  21:07  Zergling x18  
  189  21:16  Hydralisk, Zergling x2  
  189  21:17  Zergling x4  
  165  21:18  Hydralisk  
  165  21:19  Zergling x24  
  179  21:26  Lurker x8  
  179  21:29  Baneling x5  
  179  21:30  Baneling x4  
  179  21:32  Zergling x26  
  198  21:33  Zergling x4  
  199  21:40  Hatchery  
  198  21:50  Overseer  
  196  22:00  Zergling x8  
  200  22:09  Nydus Canal  
  200  22:14  Zergling x12  
  180  22:24  Zergling x18  
  180  22:25  Zergling x24  
  180  22:26  Hydralisk  
  180  22:27  Zergling x4  
  180  22:28  Hydralisk  
  180  22:29  Zergling x2  
  184  22:35  Drone x3  
  184  22:36  Drone, Queen  
  180  22:37  Zergling x4  
  180  22:38  Zergling x6  
  180  22:39  Zergling x2  
  180  22:41  Baneling x11  
  186  22:46  Zergling x2  
  186  22:47  Zergling x6  
  186  22:49  Zergling x4  
  179  22:55  Zergling x2  
  179  22:56  Zergling x6, Baneling  
  179  22:57  Baneling x8  
  182  23:02  Nydus Canal  
  182  23:06  Hydralisk  
  182  23:07  Zergling x14  
  189  23:14  Zergling x12  
  171  23:20  Zergling x16  
  171  23:24  Hydralisk  
  171  23:25  Zergling x6  
  176  23:30  Zergling x12  
  161  23:38  Hydralisk x2  
  161  23:40  Zergling x2  
  161  23:41  Zergling x4  
  149  23:42  Zergling x4  
  149  23:44  Baneling x6  
  149  23:46  Viper x3  
  149  23:48  Hydralisk  
  160  23:49  Zergling x4  
  160  23:50  Zergling x4  
  160  23:52  Zergling x10  
  170  23:59  Hydralisk x2  
  170  24:00  Lurker Den, Overseer  
  170  24:01  Queen, Zergling x2  
  176  24:04  Zergling x8  
  174  24:14  Hydralisk, Zergling x20  
  186  24:18  Zergling x2  
  186  24:19  Zergling x8  
  186  24:24  Zerg Missile Weapons Level 3  
  176  24:32  Hydralisk  
  176  24:33  Zergling x18  
  151  24:39  Hydralisk  
  151  24:40  Zergling x12  
  151  24:42  Zergling x2  
  154  24:48  Hydralisk x3  
  160  24:59  Zergling x10  
  165  25:00  Extractor  
  165  25:02  Extractor  
  165  25:04  Hatchery  
  159  25:22  Zergling x26  
  159  25:26  Seismic Spines  
  159  25:27  Zergling x4, Overseer  
  174  25:28  Lurker x2  
  174  25:29  Baneling, Lurker  
  174  25:30  Baneling x10  
  174  25:31  Baneling  
  169  25:43  Zergling x4  
  169  25:44  Zergling x2  
  170  26:04  Zergling x6  
  135  26:20  Zergling x8  
  117  26:28  Zergling x8  
  110  26:54  Zergling x8  
  110  26:57  Lurker  
  110  26:59  Hatchery  
  110  27:01  Lurker  
  114  27:07  Zergling x6  
Show
View Real Time Build Order
Export as new Build Order

Spirit Terran - Winner!

Build Orders: Reaper Expand, Hellion Banshee 

Get SALT Encoding   

  12  0:00  SCV  
  13  0:12  SCV  
  14  0:16  Supply Depot  
  14  0:24  SCV  
  15  0:38  SCV  
  15  0:40  Barracks  
  16  0:44  Refinery  
  16  0:50  SCV  
  17  1:02  SCV  
  18  1:14  SCV  
  19  1:26  Reaper  
  19  1:27  Orbital Command  
  20  1:40  Command Center  
  20  1:51  Supply Depot  
  20  1:52  SCV  
  21  1:58  Marine  
  22  2:05  SCV  
  23  2:16  Factory  
  23  2:18  SCV  
  23  2:22  Barracks Reactor  
  24  2:30  SCV  
  25  2:41  Command Center  
  25  2:42  SCV  
  26  2:52  Orbital Command  
  26  2:54  SCV  
  27  3:02  Starport  
  27  3:05  Refinery  
  27  3:07  SCV  
  28  3:14  Hellion  
  28  3:18  Hellion  
  33  3:20  SCV  
  33  3:22  Barracks Tech Lab  
  33  3:25  SCV  
  34  3:32  SCV  
  35  3:36  Hellion  
  35  3:37  SCV  
  35  3:40  Hellion  
  40  3:44  SCV  
  40  3:47  Banshee  
  44  3:49  SCV  
  44  3:54  Orbital Command  
  45  3:56  SCV  
  45  3:57  Cloaking Field  
  45  4:01  SCV, Barracks Tech Lab  
  47  4:06  Hellion  
  47  4:07  Hellion  
  47  4:08  SCV  
  52  4:13  SCV  
  53  4:18  Supply Depot  
  53  4:20  SCV  
  54  4:25  SCV  
  54  4:26  SCV  
  54  4:29  Marine  
  59  4:32  SCV  
  59  4:34  Banshee  
  59  4:38  Stimpack  
  61  4:40  SCV x2  
  61  4:43  Barracks, Supply Depot  
  63  4:46  SCV  
  63  4:48  Barracks, Refinery  
  63  4:49  Refinery  
  63  4:51  Supply Depot  
  65  4:52  SCV  
  65  4:53  Marine  
  65  4:54  Orbital Command, Factory Reactor  
  65  4:58  SCV  
  67  5:02  Engineering Bay  
  67  5:04  SCV  
  67  5:05  Engineering Bay  
  68  5:10  SCV  
  68  5:11  Marine  
  70  5:14  Supply Depot  
  70  5:17  SCV  
  71  5:22  SCV x2  
  71  5:23  Barracks x2  
  71  5:26  Starport Reactor  
  73  5:28  Marine  
  73  5:29  SCV  
  73  5:33  Terran Infantry Weapons Level 1, Terran Infantry Armor Level 1  
  75  5:35  SCV  
  75  5:38  SCV  
  75  5:39  Marine x2  
  75  5:40  Marine  
  78  5:44  Marine, SCV  
  78  5:46  Marine  
  78  5:48  SCV  
  78  5:49  Siege Tank  
  85  5:50  SCV  
  85  5:53  Supply Depot  
  85  5:54  Supply Depot  
  85  5:56  SCV, Marine  
  88  5:57  Marine  
  88  6:01  SCV  
  88  6:04  Marine x2  
  90  6:05  SCV  
  93  6:12  Bunker, Barracks Reactor  
  93  6:13  Barracks Reactor  
  93  6:14  SCV x2  
  93  6:15  Supply Depot  
  93  6:17  Combat Shield  
  93  6:18  Marine, Medivac  
  97  6:19  Marine x2  
  97  6:21  SCV, Siege Tank  
  97  6:22  Marine  
  105  6:26  Marine  
  105  6:27  SCV x2  
  105  6:31  Supply Depot  
  108  6:33  SCV, Supply Depot  
  108  6:36  Marine  
  108  6:37  Marine x2  
  108  6:39  SCV x2  
  114  6:41  Marine  
  114  6:44  Marine  
  114  6:46  SCV  
  117  6:50  Armory  
  117  6:51  Refinery  
  117  6:53  Marine, Siege Tank, SCV  
  117  6:54  Marine  
  122  6:55  Marine  
  122  6:57  Supply Depot  
  122  6:58  Marine, Supply Depot  
  125  7:02  Medivac x2  
  125  7:04  Marine x2  
  125  7:06  Marine x2  
  133  7:18  Marine x5, Supply Depot  
  133  7:22  Marine x2  
  140  7:24  Marine x2  
  139  7:33  Medivac x2  
  139  7:36  Marine x5  
  148  7:39  Marine  
  148  7:40  Terran Infantry Weapons Level 2, Marine, Terran Infantry Armor Level 2  
  148  7:42  Marine x2  
  152  7:44  Supply Depot  
  152  7:46  Supply Depot  
  152  7:54  Marine x4  
  152  7:56  Siege Tank  
  157  7:59  Marine  
  157  8:02  Marine  
  157  8:06  Marine x3, Command Center  
  157  8:11  Marine x4  
  164  8:17  Marine  
  164  8:19  Marine  
  165  8:23  Marine x3  
  154  8:28  Siege Tank  
  154  8:29  Marine x4  
  154  8:32  Supply Depot  
  154  8:34  Marine  
  154  8:35  Medivac x2  
  154  8:37  Marine  
  160  8:41  Marine x3  
  160  8:46  SCV x2  
  160  8:47  Marine x3, Terran Vehicle And Ship Armor Level 1  
  168  8:49  Marine  
  169  9:00  Marine, Siege Tank  
  169  9:02  SCV  
  173  9:06  Marine x2  
  173  9:07  Liberator x2  
  181  9:12  Barracks  
  181  9:13  Barracks, Marine  
  181  9:14  Barracks  
  175  9:19  Marine  
  175  9:20  Marine  
  175  9:21  Marine x4  
  181  9:27  Marine  
  181  9:28  Marine  
  181  9:32  Marine  
  181  9:33  Siege Tank  
  181  9:36  Marine  
  185  9:38  Marine x5  
  185  9:42  SCV  
  185  9:45  Marine x2  
  185  9:49  Marine  
  157  9:54  Marine  
  157  9:56  Marine x5  
  153  10:01  Liberator  
  153  10:02  Marine  
  153  10:03  SCV x3, Marine  
  153  10:05  Siege Tank  
  164  10:07  Marine  
  164  10:12  Marine  
  166  10:14  Marine x5  
  166  10:16  SCV  
  166  10:20  Marine  
  167  10:21  Marine  
  167  10:22  SCV  
  167  10:25  Marine  
  170  10:30  Marine, Command Center  
  170  10:32  Marine x5  
  170  10:34  Liberator  
  177  10:36  Terran Infantry Weapons Level 3  
  177  10:37  Siege Tank  
  177  10:38  Marine  
  177  10:39  Marine  
  182  10:43  Marine  
  182  10:46  Planetary Fortress  
  183  10:51  Sensor Tower  
  183  10:53  Marine  
  183  10:54  Marine x2, Marauder  
  183  10:55  Marine  
  183  10:57  Marine  
  188  10:59  Sensor Tower  
  188  11:02  Marine  
  184  11:06  SCV x2  
  184  11:09  Medivac, Siege Tank  
  184  11:10  Marine  
  191  11:13  SCV, Marine  
  191  11:17  Medivac  
  191  11:18  Barracks Tech Lab x3  
  183  11:22  SCV  
  184  11:30  Refinery x2  
  184  11:31  Factory  
  184  11:36  Supply Depot  
  184  11:39  Command Center  
  181  11:40  Marauder x2, Ghost Academy  
  181  11:41  Siege Tank  
  183  11:58  Command Center  
  183  12:04  Terran Infantry Armor Level 3  
  183  12:05  Command Center  
  183  12:11  Planetary Fortress  
  183  12:13  Sensor Tower  
  183  12:20  Siege Tank  
  186  12:23  Missile Turret  
  186  12:28  Ghost  
  186  12:29  Missile Turret, Ghost x2  
  192  12:30  Viking  
  192  12:32  Factory Tech Lab  
  191  12:37  Refinery  
  191  12:40  Missile Turret  
  191  12:41  Refinery  
  191  12:44  Ghost  
  190  12:45  Missile Turret  
  192  12:52  Command Center  
  192  12:54  Planetary Fortress  
  192  12:57  Ghost  
  194  13:00  Ghost  
  194  13:05  Refinery  
  196  13:14  Command Center, Ghost  
  198  13:22  Viking  
  198  13:24  Neosteel Armor  
  198  13:25  Command Center  
  198  13:26  Orbital Command  
  200  13:27  Orbital Command  
  200  13:32  Personal Cloaking  
  200  13:38  Command Center  
  200  13:40  Fusion Core, Starport  
  200  13:48  Orbital Command  
  192  13:58  Siege Tank  
  192  14:01  Marine x2  
  192  14:02  Marine x6, Marauder  
  199  14:11  Reaper  
  199  14:14  Command Center  
  199  14:16  Supply Depot  
  200  14:29  Orbital Command x2, Advanced Ballistics  
  200  14:30  Starport Reactor  
  200  14:31  Factory Tech Lab  
  200  14:37  Factory Tech Lab  
  200  14:39  Command Center  
  200  14:40  Orbital Command  
  200  14:41  Hi-Sec Auto Tracking, Command Center  
  200  14:52  Terran Vehicle And Ship Armor Level 2  
  200  14:55  Missile Turret  
  197  15:07  Liberator x2  
  197  15:09  Liberator x2  
  194  15:24  Siege Tank  
  194  15:27  Orbital Command  
  197  15:34  Orbital Command  
  197  15:40  Siege Tank  
  193  15:44  Marine x2  
  193  15:48  Marine  
  174  15:53  Liberator x4  
  174  15:56  Siege Tank  
  186  16:12  Siege Tank  
  186  16:15  Missile Turret  
  189  16:25  Command Center  
  189  16:28  Siege Tank  
  189  16:34  Nuke  
  189  16:36  Liberator x2, Ghost  
  197  16:44  Siege Tank  
  192  16:48  Missile Turret x2  
  192  16:49  Missile Turret  
  192  16:50  Sensor Tower  
  192  17:00  Siege Tank  
  195  17:06  Marine  
  193  17:08  Terran Vehicle Weapons Level 1  
  193  17:14  Refinery  
  193  17:16  Refinery  
  190  17:32  Orbital Command  
  190  17:33  Command Center  
  185  17:46  Orbital Command  
  178  17:53  Command Center  
  178  17:58  Sensor Tower  
  178  17:59  Siege Tank  
  178  18:11  Sensor Tower  
  176  18:15  Missile Turret  
  176  18:25  Missile Turret  
  176  18:26  Planetary Fortress  
  176  18:28  Missile Turret  
  176  18:29  Armory  
  176  18:31  Factory  
  175  18:40  Marine x2, Marauder  
  175  18:41  Marauder x3, Marine x5  
  163  18:42  Marine  
  163  18:44  Siege Tank x2  
  152  18:58  Marine x4  
  152  18:59  Marine x4  
  152  19:01  Marine x2  
  152  19:02  Marauder x2, Terran Vehicle And Ship Armor Level 3  
  164  19:10  Medivac x4  
  164  19:16  Marine x3, Siege Tank x2  
  184  19:20  Missile Turret, Command Center  
  184  19:21  Missile Turret  
  192  19:25  Missile Turret  
  192  19:26  Missile Turret  
  192  19:30  Ghost x4  
  189  19:35  SCV x5  
  189  19:37  Command Center  
  194  19:45  Marine x2  
  173  19:48  Siege Tank  
  173  19:49  Liberator, Siege Tank  
  172  19:53  SCV  
  172  19:55  SCV  
  172  19:58  Ghost x4  
  172  19:59  SCV  
  183  20:04  Planetary Fortress  
  183  20:05  SCV  
  184  20:09  SCV x2  
  184  20:11  SCV  
  187  20:16  SCV  
  187  20:21  Siege Tank x2  
  194  20:27  Ghost x3  
  199  20:29  SCV  
  199  20:34  Planetary Fortress  
  200  20:37  Ghost  
  199  20:49  Factory Tech Lab  
  199  20:50  Terran Vehicle Weapons Level 2  
  199  21:03  Missile Turret  
  199  21:05  Sensor Tower  
  199  21:18  Ghost x2  
  175  21:24  Orbital Command  
  177  21:46  Siege Tank  
  177  21:53  Siege Tank  
  177  22:10  Ghost  
  168  22:19  Siege Tank  
  168  22:21  Marine  
  168  22:22  Marine  
  157  22:23  Marine x6  
  157  22:24  Marine x3  
  157  22:26  Liberator x4  
  167  22:35  Siege Tank  
  162  22:39  Marine x2  
  162  22:40  Marine x4  
  167  22:46  Ghost x2  
  167  22:47  Marine  
  167  22:48  Marine  
  167  22:50  Marine  
  167  22:51  Siege Tank  
  177  22:57  Ghost  
  177  23:03  Marine  
  178  23:07  Siege Tank  
  178  23:08  Liberator  
  178  23:09  Liberator x3  
  178  23:12  Marine  
  194  23:15  Ghost  
  194  23:18  Marine  
  194  23:19  Marine  
  192  23:23  Marine, Siege Tank  
  192  23:24  Marine x5  
  192  23:25  Marine  
  191  23:35  Orbital Command, Marine  
  191  23:36  Marine  
  191  23:37  Marine x2  
  191  23:39  Siege Tank  
  185  23:41  Marine x2  
  185  23:42  Marine  
  185  23:45  Planetary Fortress  
  188  23:55  Siege Tank  
  183  24:15  Medivac x2  
  185  24:19  Medivac  
  185  24:23  Marine, Medivac  
  187  24:29  Siege Tank  
  187  24:33  Siege Tank  
  183  24:42  Ghost  
  182  24:46  Marine  
  183  24:58  SCV x6, Refinery  
  183  24:59  SCV x2, Refinery  
  191  25:01  Siege Tank  
  191  25:05  Siege Tank  
  194  25:10  SCV  
  194  25:13  SCV  
  190  25:15  SCV  
  190  25:16  SCV x2  
  193  25:22  SCV  
  190  25:46  Viking x4  
  191  25:51  Planetary Fortress  
  191  25:52  SCV x7  
  198  25:57  Orbital Command  
  198  26:02  Nuke  
  198  26:06  SCV  
  199  26:16  Marine, Viking  
  199  26:17  Siege Tank  
  199  26:18  Liberator, Marine, Siege Tank  
  176  26:19  Marine  
  176  26:20  Marauder, Marine  
  176  26:23  Marine  
  142  26:27  Marine x6  
  142  26:31  Refinery  
  139  26:33  Orbital Command, Refinery  
  139  26:34  Marine  
  139  26:36  Marine  
  139  26:37  Marine  
  137  26:42  Marine x3  
  137  26:44  Marine  
  137  26:45  Marine x5  
  146  26:50  Siege Tank x2  
  146  26:53  Orbital Command, Marine  
  153  26:54  Marine  
  153  26:55  Marine  
  153  27:00  Marine x3  
  155  27:02  Marine  
  155  27:03  Marine x4  
  155  27:06  SCV  
  161  27:10  Refinery  
  161  27:13  Marine, Marauder  
  161  27:14  Refinery  
  168  27:18  Marauder  
  168  27:19  SCV, Marine  
Tags
 
Add a new tag
Caveats
  • Supply blocks, unpowered buildings, or Contaminate may cause inaccurate times.
  • Supply counts are checked every 10 seconds.